[gd_scene load_steps=9 format=2]

[ext_resource path="res://Tree.gd" type="Script" id=2]

[sub_resource type="PhysicsMaterial" id=1]
rough = true
bounce = 0.2

[sub_resource type="SpatialMaterial" id=2]
flags_unshaded = true
albedo_color = Color( 0.368627, 0.266667, 0, 1 )

[sub_resource type="CylinderMesh" id=3]
material = SubResource( 2 )
top_radius = 0.001
bottom_radius = 0.5
height = 8.0
radial_segments = 8

[sub_resource type="SpatialMaterial" id=4]
flags_unshaded = true
albedo_color = Color( 0.41, 0.82, 0.451, 1 )

[sub_resource type="SphereMesh" id=5]
material = SubResource( 4 )
radius = 2.0
height = 4.0
radial_segments = 12
rings = 6

[sub_resource type="BoxShape" id=6]

[sub_resource type="CylinderShape" id=7]
radius = 0.6
height = 6.0

[node name="Tree" type="RigidBody"]
transform = Transform( 1, 0, 0, 0, 1, 0, 0, 0, 1, 0, 2, 0 )
collision_layer = 2
collision_mask = 524291
mass = 0.01
physics_material_override = SubResource( 1 )
gravity_scale = 2.0
continuous_cd = true
contacts_reported = 64
contact_monitor = true
sleeping = true
script = ExtResource( 2 )

[node name="MassCenter" type="Spatial" parent="."]
transform = Transform( 1, 0, 0, 0, 1, 0, 0, 0, 1, 0, 2, 0 )

[node name="VisibilityNotifier" type="VisibilityNotifier" parent="MassCenter"]
transform = Transform( 1, 0, 0, 0, 1, 0, 0, 0, 1, 0, -3, 0 )
aabb = AABB( -2, -1, -2, 4, 8, 4 )

[node name="Cylinder" type="MeshInstance" parent="MassCenter"]
mesh = SubResource( 3 )
material/0 = null

[node name="Sphere" type="MeshInstance" parent="MassCenter"]
transform = Transform( 1, 0, 0, 0, 1, 0, 0, 0, 1, 0, 2, 0 )
mesh = SubResource( 5 )
material/0 = null

[node name="KnockDownDetector" type="Area" parent="MassCenter/Sphere"]
gravity = 0.0
monitorable = false
collision_layer = 0
collision_mask = 524289

[node name="CollisionShape" type="CollisionShape" parent="MassCenter/Sphere/KnockDownDetector"]
shape = SubResource( 6 )

[node name="CollisionShape" type="CollisionShape" parent="."]
transform = Transform( 1, 0, 0, 0, 1, 0, 0, 0, 1, 0, 1, 0 )
shape = SubResource( 7 )
